 Dungeon Crawl Stone Soup version 0.31-a0-984-gbfb7dba898 (webtiles) character file.

Game seed: 5768226041881222146

21 BinkBink the Trooper (level 2, -2/19 HPs)
             Began as a Gargoyle Monk on Nov 3, 2023.
             Slain by a gnoll
             ... wielding a +0 club
              (5 damage)
             ... on level 1 of the Dungeon.
             The game lasted 00:01:24 (1049 turns).

BinkBink the Trooper (Gargoyle Monk)                Turns: 1049, Time: 00:01:24

Health: -2/19      AC:  4    Str: 14    XL:     2   Next: 83%
Magic:  2/2        EV: 12    Int: 10    God:
Gold:   73         SH:  4    Dex: 12    Spells: 1/1 levels left

rFire   . . .        a - +0 mace
rCold   . . .        e - +0 buckler
rNeg    + . .        b - +0 robe
rPois   ∞            (no helmet)
rElec   +            (no cloak)
rCorr   .            (no gloves)
SInv    .            (no boots)
Will    .....        (no amulet)
Stlth   +            (no ring)
HPRegen 0.23/turn    (no ring)
MPRegen 0.08/turn

%: no passive effects
@: no status effects
A: sickness immunity, AC +2, negative energy resistance 1, electricity
resistance, torment resistance 1, petrification resistance
a: no special abilities


You were on level 1 of the Dungeon.
You visited 1 branch of the dungeon, and saw 2 of its levels.

You collected 73 gold pieces.

Inventory:

Hand Weapons
 a - a +0 mace (weapon)
Armour
 b - a +0 robe (worn)
 d - an orb of light
 e - a +0 buckler (worn)
Talismans
 i - a blade talisman
 p - a beast talisman
Scrolls
 j - a scroll of immolation {unknown}
 l - a scroll of identify {unknown}
 n - a scroll of fog {unknown}
Potions
 c - a potion of ambrosia
 f - 2 potions of resistance {unknown}
 g - a potion of attraction {unknown}
 h - a potion of mutation {unknown}
 k - a potion of haste {unknown}
 m - a potion of degeneration {unknown}
 o - a potion of heal wounds {unknown}


   Skills:
 + Level 3.6 Fighting
 + Level 3.2 Maces & Flails
 + Level 2.6 Dodging
 + Level 1.0 Shields


You had one spell level left.
You didn't know any spells.
Your spell library was empty.

Dungeon Overview and Level Annotations

Branches:
Dungeon (2/15)

Altars:


Innate Abilities, Weirdness & Mutations

You are immune to sickness and miasma.
Your stone body is resilient. (AC +2)
You are immune to poison.
You resist negative energy. (rN+)
You are resistant to electric shocks. (rElec)
You are resistant to unholy torment.
You are immune to petrification.


Message History

A gnoll is nearby!
A gnoll is nearby!
The gnoll shouts!
A rat comes into view.
The gnoll shouts!
You hit the gnoll.
The gnoll is moderately wounded.
You hear an angry hiss.
The gnoll barely misses you.
You hit the gnoll but do no damage.
The gnoll is moderately wounded.
The gnoll barely misses you. x2
The gnoll hits you with a +0 whip of electrocution.
You barely miss the gnoll.
The gnoll is moderately wounded.
You block the gnoll's attack. x2
You closely miss the gnoll.
The gnoll is moderately wounded.
The gnoll barely misses you. You block the gnoll's attack.
The gnoll attacks as it pursues you! The gnoll barely misses you.
The gnoll attacks as it pursues you! The gnoll barely misses you.
The gnoll attacks as it pursues you! The gnoll hits you but does no damage.
The gnoll attacks as it pursues you!
The gnoll hits you with a +0 whip of electrocution.
The gnoll attacks as it pursues you!
The gnoll hits you with a +0 whip of electrocution!
The gnoll attacks as it pursues you! The gnoll hits you with a +0 club.
* * * LOW HITPOINT WARNING * * *
There is a stone staircase leading up here.
The gnoll shouts!
You climb upwards.
There is a stone staircase leading down here.
You sock the gnoll!
The gnoll is heavily wounded.
The gnoll hits you with a +0 club.
* * * LOW HITPOINT WARNING * * *
You closely miss the gnoll.
The gnoll is heavily wounded.
The gnoll hits you with a +0 club.
You die...

#..............###.#.###### #.
##.....#######..#.##......# #.
####### #....(....##.# #.
###.###.#.##.# #[ #.# #.#.##.#
#. #.# #.#.##.# #. #.#
#....#.####.
###############.###..#........
#............@g÷.###...#.#####
#.#############.## ##.##.#####
#.# ### #.##.##... ###.#
#.##.##.## #...# #.##.##.##
#.#.# #####.##.##.# #...#
##.##.....##.## ##.##
#.#.##......... #.#
####.#######.##


You could see a gnoll.

Vanquished Creatures
  A worm (D:2)
  A ball python (D:1)
  3 endoplasms
  A giant cockroach (D:1)
  A hobgoblin (D:1)
  3 kobolds
  4 bats
  A goblin (D:1)
  2 rats (D:1)
17 creatures vanquished.

Notes
Turn   | Place    | Note
-------+----------+-------------------------------------------
     0 | D:1      | BinkBink the Gargoyle Monk began the quest for the Orb.
     0 | D:1      | Reached XP level 1. HP: 14/14 MP: 1/1
   195 | D:1      | Reached XP level 2. HP: 19/19 MP: 2/2
  1015 | D:2      | Reached skill level 1 in Shields
  1049 | D:1      | Slain by a gnoll

Illustrated notes

Levels and vault maps discovered:
D:1:      saegor_arrival_simple_d, layout_loops_ring, amethyst_killhole
D:2:      layout_loops_ring, basic_altar, dreamdust_wishing_well,
          nrook_mini_vaults, uniq_robin

Skill      XL: |  1  2 |
---------------+-------+-----
Shields        | 1 |  1.0
Fighting       | |  3.6
Maces & Flails | |  3.2
Dodging        | |  2.6

Action                     || total
---------------------------++-------
  Melee: Mace              ||    55
 Armour: Robe              ||    29
  Dodge: Dodged            ||    31
  Block: Buckler           ||    10

Table legend: (Time is in decaauts)
 A = Elapsed time spent in this place.
 B = Non-inter-level travel time spent in this place.
 C = Inter-level travel time spent in this place.
 D = Time resting spent in this place.
 E = Time spent auto-exploring this place.
 F = Levels seen in this place.
 G = Mean time per level.
                   A        B        C        D        E       F      G
               +--------+--------+--------+--------+--------+-----+--------+
         Total |   1065 |    980 |     85 |     98 |    677 |   2 |  532.5 |
       Dungeon |   1065 |    980 |     85 |     98 |    677 |   2 |  532.5 |
               +--------+--------+--------+--------+--------+-----+--------+

Top non-repeatable levels by time:
     D:1: 814 daAuts
     D:2: 251 daAuts
